 Dungeon Crawl Stone Soup version 0.24.0-13-gcf9b319 (webtiles) character file.

Game seed: 12579586756968484276, levelgen mode: deterministic

81 seyes the Changer (level 4, 0/32 HPs)
             Began as a Demonspawn Transmuter on Mar 15, 2020.
             Slain by a dart slug (1 damage)
             ... on level 2 of the Dungeon.
             The game lasted 00:06:42 (1744 turns).

seyes the Changer (Demonspawn Transmuter)           Turns: 1744, Time: 00:06:42

Health: 0/32       AC:  2    Str: 10    XL:     4   Next: 20%
Magic:  3/7        EV: 12    Int: 16    God:
Gold:   94         SH:  0    Dex: 13    Spells: 1/7 levels left

rFire    + . .     SeeInvis .     - Unarmed
rCold    + . .     Gourm    .   (no shield)
rNeg     . . .     Faith    .   b - +0 robe
rPois    +         Spirit   .   (helmet restricted)
rElec    +         Reflect  .   (no cloak)
rCorr    +         Harm     .   (no gloves)
MR       .....                  (no boots)
Stlth    +.........             (no amulet)
HPRegen  0.10/turn              (no ring)
MPRegen  0.10/turn              (no ring)

@: lethally poisoned (0 -> -5), resistant
A: horns 1, demonic guardian 1
a: no special abilities


You were on level 2 of the Dungeon.
You were not hungry.

You visited 1 branch of the dungeon, and saw 2 of its levels.

You collected 94 gold pieces.

Inventory:

Missiles
 a - 10 arrows
 e - 15 poisoned darts (quivered)
 g - 94 stones
Armour
 b - a +0 robe (worn)
Wands
 n - a wand of digging (6)
Scrolls
 f - a scroll of remove curse {unknown}
 j - a scroll of teleportation {unknown}
 l - a scroll of noise {unknown}
 m - 2 scrolls of identify {unknown}
 o - a scroll of enchant armour {unknown}
 p - a scroll of amnesia {unknown}
Potions
 c - a potion of haste {unknown}
 h - 2 potions of resistance
 i - a potion of brilliance {unknown}
 k - a potion of ambrosia {unknown}
Comestibles
 d - 7 rations
 q - 6 chunks of flesh


   Skills:
 - Level 1.0 Fighting
 - Level 1.7 Dodging
 - Level 2.6 Unarmed Combat
 + Level 2.4 Spellcasting
 + Level 3.5 Transmutations
 + Level 1.2 Poison Magic


You had one spell level left.
You knew the following spells:

 Your Spells              Type           Power        Failure   Level  Hunger
a - Beastly Appendage     Tmut           ##....       4%          1    #......
d - Spider Form           Tmut/Pois      #.........   22%         3    ###....
t - Sticks to Snakes      Tmut           ##......     7%          2    ###....

Your spell library contained the following spells:

 Spells                   Type           Power        Failure   Level  Hunger
 Ice Form                 Ice/Tmut       #.......     67%         4    #####..
 Blade Hands              Tmut           ##........   77%         5    ######.


Dungeon Overview and Level Annotations

Branches:
Dungeon (2/15)

Altars:
Ashenzari


Innate Abilities, Weirdness & Mutations

You have a pair of small horns on your head.
A weak demonic guardian rushes to your aid.


Message History

The adder is almost dead.
You feel sick.
Your ball python closely misses the adder.
Your ball python misses the adder.
The adder barely misses you. The kobold hits you with a +0 whip.
* * * LOW HITPOINT WARNING * * *
You closely miss the adder.
The adder is almost dead.
* * * LOW HITPOINT WARNING * * *
You feel sick.
Your ball python bites the adder.
The adder dies!
The kobold hits you but does no damage.
It was a potion of resistance.
You feel protected.
Your ball python bites the dart slug.
Your ball python grabs the dart slug.
Your ball python constricts the dart slug.
The kobold hits you with a +0 whip.
* * * LOW HITPOINT WARNING * * *
The dart slug bites you.
You die...

#.####.# ##.)...)..##
####.####.###..######..###
#.......>(....##§#.≈##...#
..#..#.##....## ....####.#
.....#.##..###.##≈.≈#. #.#
...........## S.⌠§#§..##.#
#.##.#.###.##.##≈#⌠###.#.#
#......# #.##≈#≈^K≈#⌠.##.#
..##.### #..#≈.≈@w.≈##.#.#
.....# #.##.≈.#S#.≈≈.#.#
.....# ..##≈≈###.#≈≈≈÷.#
#....# #.# ##.≈#≈#### ##.#
#^ #.#..## ## ...#(#⌠# #
.≈..≈.≈.# ....##..# #..#


You could see a dart slug, a kobold and a friendly ball python.

Vanquished Creatures
  Jessica (D:2)
  A worm (D:2)
  2 dart slugs (D:2)
  A ball python (D:1)
  10 bats
  4 giant cockroaches
  8 goblins
  6 hobgoblins
  2 frilled lizards (D:1)
  A kobold (D:2)
  6 rats
42 creatures vanquished.

Vanquished Creatures (collateral kills)
  An adder (D:2)
1 creature vanquished.

Grand Total: 43 creatures vanquished

Notes
Turn   | Place    | Note
-------+----------+-------------------------------------------
     0 | D:1      | seyes the Demonspawn Transmuter began the quest for the
                  | Orb.
     0 | D:1      | Reached XP level 1. HP: 15/15 MP: 3/3
    34 | D:1      | Reached skill level 2 in Transmutations
   259 | D:1      | Gained mutation: You have a pair of small horns on your
                  | head. [demonic ancestry]
   259 | D:1      | Reached XP level 2. HP: 20/21 MP: 3/5
   569 | D:1      | Learned a level 2 spell: Sticks to Snakes
   704 | D:1      | Reached skill level 3 in Transmutations
  1174 | D:2      | Reached XP level 3. HP: 21/26 MP: 4/6
  1181 | D:2      | Learned a level 3 spell: Spider Form
  1407 | D:2      | Found a shattered altar of Ashenzari.
  1407 | D:2      | Noticed Jessica
  1419 | D:2      | Killed Jessica
  1655 | D:2      | Reached skill level 1 in Poison Magic
  1703 | D:2      | Gained mutation: A weak demonic guardian rushes to your
                  | aid. [demonic ancestry]
  1703 | D:2      | Reached XP level 4. HP: 30/32 MP: 7/7
  1744 | D:2      | HP: 1/32 [kobold/+0 whip (5)]
  1744 | D:2      | Slain by a dart slug

Levels and vault maps discovered:
D:1:      moated_graveyard_arrival, layout_basic
D:2:      layout_loops_cross, ashenzari_altar_1, first_ration, tgw_xom,
          uniq_jessica

Skill      XL: |  1  2  3 |
---------------+----------+-----
Transmutations | 2 3 |  3.5
Poison Magic   | 1 |  1.2
Fighting       | |  1.0
Dodging        | |  1.7
Unarmed Combat | |  2.6
Spellcasting   | |  2.4

Action                   |  1- 3 |  4- 6 || total
-------------------------+-------+-------++-------
Melee: Unarmed           |   113 |    14 ||   127
       Headbutt          |    12 |     3 ||    15
       Kick              |     8 |     3 ||    11
Throw: Dart              |    29 |       ||    29
 Cast: Beastly Appendage |    12 |       ||    12
       Sticks to Snakes  |     1 |     2 ||     3
       Spider Form       |     1 |       ||     1
  Use: Potion            |       |     1 ||     1
 Stab: Sleeping          |     2 |       ||     2
  Eat: Chunk             |     3 |       ||     3
Armor: Robe              |    27 |    10 ||    37
Dodge: Dodged            |    86 |    16 ||   102
